 Dungeon Crawl Stone Soup version 0.28.0-45-g0d030f2227 (webtiles) character file.

Game seed: 10778449013267927264

84 Icepheonix32 the Skirmisher (level 4, 0/34 (35) HPs)
             Began as a Demonspawn Fighter on Apr 9, 2022.
             Was an Initiate of Okawaru.
             Succumbed to a water moccasin's poison
             ... on level 3 of the Dungeon.
             The game lasted 00:02:35 (2231 turns).

Icepheonix32 the Skirmisher (Demonspawn Fighter)    Turns: 2231, Time: 00:02:36

HP:   0/34 (35)     AC:  6    Str: 19    XL:     4   Next: 24%
MP:   5/5           EV:  9    Int:  9    God:    Okawaru [......]
Gold: 109           SH:  9    Dex: 12    Spells: 5/5 levels left

rFire   . . .      SeeInvis .   a - +0 long sword
rCold   . . .      Faith    .   c - +0 buckler
rNeg    . . .      Spirit   .   b - +0 scale mail
rPois   +          Reflect  +   (no helmet)
rElec   .          Harm     .   (no cloak)
rCorr   .          Rampage  .   (no gloves)
Will    .....                   (no boots)
Stlth   ..........              j - amulet of reflection
HPRegen 0.11/turn               k - +4 ring of slaying
MPRegen 0.09/turn               l - ring of poison resistance

@: brilliant, lethally poisoned (0 -> -3), lightly drained
A: foul stench 2
a: Renounce Religion


You were on level 3 of the Dungeon.
You worshipped Okawaru.
Okawaru was noncommittal.
You visited 1 branch of the dungeon, and saw 3 of its levels.

You collected 109 gold pieces.

Inventory:

Hand Weapons
 a - a +0 long sword (weapon)
Missiles
 i - 4 poisoned darts (quivered)
Armour
 b - a +0 scale mail (worn)
 c - a +0 buckler (worn)
Jewellery
 f - an amulet of faith
 j - an amulet of reflection (around neck)
 k - a +4 ring of slaying (left hand)
 l - a ring of poison resistance (right hand)
Scrolls
 e - a scroll of silence {unknown}
 g - a scroll of identify {unknown}
 h - a scroll of noise {unknown}
 m - a scroll of fog {unknown}
 o - a scroll of blinking {unknown}
 p - a scroll of teleportation {unknown}
Potions
 d - a potion of might


   Skills:
 + Level 3.4 Fighting
 - Level 2.2 Long Blades
 + Level 3.2 Armour
 + Level 0.2 Dodging
 + Level 0.1 Stealth
 + Level 3.2 Shields
 * Level 1.2 Spellcasting
 * Level 0.1 Invocations


You had 5 spell levels left.
You didn't know any spells.
Your spell library contained the following spells:

 Spells                   Type           Power      Damage    Failure   Level
 Magic Dart               Conj           0%         1d3       82%         1
 Slow                     Hex            0%         N/A       82%         1
 Confusing Touch          Hex            0%         N/A       99%         3
 Conjure Flame            Conj/Fire      0%         6-21      99%         3
 Ignite Poison            Fire/Tmut/Pois 0%         N/A       99%         3
 Mephitic Cloud           Conj/Pois/Air  0%         N/A       99%         3
 Vampiric Draining        Necr           0%         2d6       99%         3
 Sticky Flame             Conj/Fire      0%         2d3       100%        4
 Call Imp                 Summ           Unusable   N/A       N/A         2

Dungeon Overview and Level Annotations

Branches:
Dungeon (3/15)

Altars:
Okawaru


Innate Abilities, Weirdness & Mutations

You sometimes emit foul miasma when damaged in melee.


Message History

A bat comes into view.
You block the water moccasin's attack. The water moccasin misses you.
The bat moves out of view.
You slash the water moccasin!
The water moccasin is heavily wounded.
You feel very sick.
The water moccasin bites you but does no damage. x2
You are too injured to fight recklessly!
You are too injured to fight recklessly!
You are too injured to fight recklessly!
You are too injured to fight recklessly!
You are too injured to fight recklessly!
You are too injured to fight recklessly!
You are too injured to fight recklessly!
You are too injured to fight recklessly!
You are too injured to fight recklessly!
You are too injured to fight recklessly!
Unknown command.
You slash the water moccasin!
The water moccasin is almost dead.
You feel very sick. The water moccasin bites you.
* * * LOW HITPOINT WARNING * * *
The water moccasin bites you.
* * * LOW HITPOINT WARNING * * *
It was a potion of brilliance.
You feel clever all of a sudden.
* * * LOW HITPOINT WARNING * * *
You feel sick. You block the water moccasin's attack.
Unknown command.
You closely miss the water moccasin.
The water moccasin is almost dead.
* * * LOW HITPOINT WARNING * * *
You feel sick. You block the water moccasin's attack.
The water moccasin bites you.
* * * LOW HITPOINT WARNING * * *
The worm closely misses you.
You miss the water moccasin.
The water moccasin is almost dead.
You die...

##.... ........
.#..... ........
....... ...........
#..... .##.........
##.... #.###........
.....####..##.........
#.w)#..>###........†
#.S@................
##).....#####...†..)
#.:#####...#####...
#..'..(.._.....'...
#..#####...#####^.#
#.......#####.....#.
#.### #..........#..
... #.....###....
...## #........<#.#


You could see a water moccasin and a worm.

Vanquished Creatures
  3 adders (D:2)
  4 bats
  3 endoplasms
  3 giant cockroaches
  10 goblins
  6 hobgoblins
  6 kobolds
  2 quokkas
  5 ball pythons
  6 frilled lizards
  5 rats
53 creatures vanquished.

Vanquished Creatures (others)
  A fungus (D:1)
  A plant (D:1)
2 creatures vanquished.

Grand Total: 55 creatures vanquished

Notes
Turn   | Place    | Note
-------+----------+-------------------------------------------
     0 | D:1      | Icepheonix32 the Demonspawn Fighter began the quest for the
                  | Orb.
     0 | D:1      | Reached XP level 1. HP: 18/18 MP: 1/1
   223 | D:1      | Gained mutation: You may rarely emit foul miasma when
                  | damaged in melee. [demonic ancestry]
   223 | D:1      | Reached XP level 2. HP: 17/24 MP: 2/2
   934 | D:1      | Reached XP level 3. HP: 29/29 MP: 3/3
  1091 | D:1      | Found a faded altar of an unknown god.
  1669 | D:2      | Reached skill level 1 in Spellcasting
  1828 | D:2      | Gained mutation: You sometimes emit foul miasma when
                  | damaged in melee. [demonic ancestry]
  1828 | D:2      | Reached XP level 4. HP: 35/35 MP: 5/5
  2181 | D:3      | Found an iron altar of Okawaru.
  2194 | D:3      | Became a worshipper of Warmaster Okawaru
  2219 | D:3      | Noticed a water moccasin
  2230 | D:3      | HP: 1/34 [water moccasin (2)]
  2231 | D:3      | Succumbed to a water moccasin's poison

Illustrated notes

Levels and vault maps discovered:
D:1:      minmay_arrival_open_corners, layout_loops_cross,
          shapermc_ecumenical_altar_mp_urbaneastern, minmay_tall_x
D:2:      layout_loops_ring
D:3:      minmay_angry_zag, layout_rooms, mainiacjoe_overflow_surrounded_room

Skill      XL: |  1  2  3 |
---------------+----------+-----
Long Blades    | 2 |  2.2
Armour         | 3 |  3.2
Shields        | 3 |  3.2
Spellcasting   | 1 |  1.2
Fighting       | |  3.4
Dodging        | |  0.2
Stealth        | |  0.1
Invocations    | |  0.1

Action                   |  1- 3 |  4- 6 || total
-------------------------+-------+-------++-------
Melee: Long sword        |   126 |    21 ||   147
  Use: Potion            |       |     1 ||     1
Armor: Scale mail        |    57 |     4 ||    61
Dodge: Dodged            |    46 |    11 ||    57
Block: Buckler           |    41 |     7 ||    48
       Reflection        |     3 |       ||     3
